Cogmind - Beta 10.2 @@@ ROGUE MODE // 2022.01.06 @ 23:05:38 Player: zhawty Result: Destroyed by Y-45 Defender with Heavy Assault Rifle Performance ------------- Evolutions (1) 500 Regions Visited (3) 600 Robots Destroyed (7) 35 Value Destroyed (283) 283 Prototype IDs (2) 40 Alien Tech Used (0) 0 Bonus (0) 0 TOTAL SCORE: 1458 Bonus ------- None Cogmind --------- Core Integrity 0/400 Matter 205/300 Energy 99/100 System Corruption 0% Temperature Cool (9) Movement Core (100) Ox1 Location -9/Materials Parts ------- > --- POWER (2) -------- (None) > --- PROPULSION (2) --- (None) > --- UTILITY (3) ------ Small Storage Unit Improved Signal Interpreter > --- WEAPON (2) ------- (None) > --- INVENTORY (6) ---- Improved Signal Interpreter Improved Signal Interpreter Propulsion Shielding Propulsion Shielding Shotgun Shotgun Peak State ------------ > --- POWER ------------ Ion Engine > --- PROPULSION ------- Aluminum Leg Aluminum Leg > --- UTILITY ---------- Small Storage Unit Improved Signal Interpreter Medium Armor Plating > --- WEAPON ----------- Particle Gun Light Assault Rifle > --- INVENTORY -------- Small Storage Unit [Rating: 11] Favorites ----------- Power Ion Engine Engine Ion Engine Propulsion Aluminum Leg Leg Aluminum Leg Wheel Wheel Utility Small Storage Unit Storage Small Storage Unit Processor Improved Signal Interpreter Protection Medium Armor Plating Weapon Light Assault Rifle Energy Gun Beam Rifle Ballistic Gun Light Assault Rifle Launcher Grenade Launcher Build | -11 -10 -10 -9 ------- Run | Scr Mat Min Mat Slots Evolved 2 | . . . 2 Power 1 | . . . 1 Propulsion . | . . . . Utility 1 | . . . 1 Weapon . | . . . . Parts Attached 26 | 7 1 4 14 Power 3 | 1 . . 2 Engine 3 | 1 . . 2 Core . | . . . . Reactor . | . . . . Propulsion 5 | 2 . . 3 Treads . | . . . . Leg 3 | . . . 3 Wheel 2 | 2 . . . Hover . | . . . . Flight . | . . . . Utility 7 | 1 1 . 5 Device . | . . . . Storage 5 | 1 1 . 3 Processor 1 | . . . 1 Hackware . | . . . . Protection 1 | . . . 1 Artifact . | . . . . Weapon 11 | 3 . 4 4 Energy Gun 2 | . . . 2 Energy Cannon . | . . . . Ballistic Gun 6 | 3 . 2 1 Ballistic Cannon . | . . . . Launcher 3 | . . 2 1 Special Weapon . | . . . . Impact Weapon . | . . . . Slashing Weapon . | . . . . Piercing Weapon . | . . . . Special Melee Weapon . | . . . . Unidentified Prototypes . | . . . . Parts Lost 14 | . . 4 10 Power 2 | . . . 2 Propulsion 2 | . . . 2 Utility 3 | . . 1 2 Weapon 7 | . . 3 4 Highest Loss Streak 7 | . . 4 7 Average Slot Usage (%) 74 | . 85 82 68 Engine 12 | . 14 11 12 Leg 11 | . . . 18 Wheel 9 | . 28 23 . Storage 15 | . 14 21 13 Processor 5 | . . . 8 Protection 1 | . . . 2 Energy Gun 3 | . . . 6 Ballistic Gun 12 | . 28 21 6 Naked Turns 15 | . . 15 . Heaviest Build 26 | 12 14 16 26 Greatest Support 20 | 20 20 20 20 Greatest Overweight (x) 4 | 1 . . 4 Average Overweight (x) . | . . . . Largest Inventory Capacity 8 | 6 6 6 8 Average Capacity 6 | 5 6 5 6 Most Carried 6 | 4 6 6 6 Average Carried 2 | 2 4 5 1 Final Capacity 6 | 6 6 4 6 Final Carried 6 | 4 5 4 6 Class Distribution -------------------- 100% | Mutant Dominant Class ---------------- Mutant | -10/Materials Mutant | -10/Mines Mutant | -9/Materials Resources | -11 -10 -10 -9 ----------- Run | Scr Mat Min Mat Matter Collected 419 | 222 . 23 174 Remotely . | . . . . Salvage Created 280 | . . 96 184 Parts 13 | . . 3 10 Haulers Intercepted . | . . . . Recyclers Shooed . | . . . . Parts Field Recycled . | . . . . Retrieved Matter . | . . . . Parts Self-Destructed . | . . . . Prevented . | . . . . Kills | -11 -10 -10 -9 ------- Run | Scr Mat Min Mat Combat Hostiles Destroyed 11 | . . 6 5 Guns 5 | . . 1 4 AOE 6 | . . 5 1 Classes Destroyed 3 | . . 2 1 Grunt 5 | . . 2 3 Sentry 2 | . . . 2 Assembled 4 | . . 4 . Best Kill Streak 4 | . . 4 3 Combat Bots Only 4 | . . 4 3 Max Kills in Single Turn 3 | . . 3 1 Gunslinging . | . . . . Exploded 3 | . . 3 1 Melee . | . . . . Uniques/NPCs Destroyed . | . . . . Combat | -11 -10 -10 -9 -------- Run | Scr Mat Min Mat Damage Taken 1967 | . . 576 1391 Core 569 | . . 162 407 Absorbed by Shields . | . . . . Core Remaining (%) 67 | 100 . 35 . Volleys Fired 32 | . . 9 23 Largest 2 | . . 2 2 Hottest 86 | . . 50 86 Shots Fired 53 | . . 16 37 Gun 44 | . . 12 32 Cannon . | . . . . Launcher 9 | . . 4 5 Special . | . . . . Kinetic 26 | . . 12 14 Thermal 18 | . . . 18 Explosive 9 | . . 4 5 Electromagnetic . | . . . . Robot Hit Streak 9 | . . 2 9 Robot Miss Streak 2 | . . 1 2 Penetration Max . | . . . . Secondary Targets 2 | . . 1 1 Max Gunslinging Chain 1 | . . 1 1 Shots Hit Robots 34 | . . 6 28 Core Hits 34 | . . 13 21 Critical Hits . | . . . . Critical Kills . | . . . . Critical Parts Destroyed . | . . . . Melee Attacks . | . . . . Impact . | . . . . Slashing . | . . . . Piercing . | . . . . Sneak Attacks . | . . . . Combat Hostiles . | . . . . Follow-up Attacks . | . . . . Damage Inflicted 867 | . . 308 559 Guns 323 | . . 71 252 Cannons . | . . . . Explosions 526 | . . 237 289 Melee . | . . . . Ramming 18 | . . . 18 Kinetic 159 | . . 71 88 Thermal 164 | . . . 164 Explosive 526 | . . 237 289 Electromagnetic . | . . . . Impact . | . . . . Slashing . | . . . . Piercing . | . . . . Highest Corruption 5 | . . 5 . Average Corruption 5 | . . 5 . Corruption Purged . | . . . . Overload Shots . | . . . . Overflow Damage 6 | . . . 6 Projectiles . | . . . . Explosions 6 | . . . 6 Melee . | . . . . Knockbacks . | . . . . Impact . | . . . . Kinetic . | . . . . Secondary . | . . . . Self-Inflicted Damage 43 | . . 21 22 Shots 3 | . . 1 2 Rammed . | . . . . Targets Rammed 3 | . . . 3 Kicked 3 | . . . 3 Crushed . | . . . . Highest Temperature 292 | . . 20 292 Average Temperature 103 | . . 7 110 Received Heat Transfer 587 | . . 56 531 Siege Activations . | . . . . Robots Corrupted . | . . . . Combat Hostiles . | . . . . Parts Fried . | . . . . Impact Corruptions . | . . . . Robots Melted . | . . . . Combat Hostiles . | . . . . Parts Melted 1 | . . . 1 Heat Transferred 407 | . . . 407 Parts Sabotaged . | . . . . Parts Stolen . | . . . . Parts Stripped . | . . . . Power Chain Reactions . | . . . . Missiles Intercepted . | . . . . Alert | -11 -10 -10 -9 ------- Run | Scr Mat Min Mat Peak Influence 99 | . . 65 99 Initial 9 | . . . 9 Average 42 | . . 54 54 Maximum Alert Level . | . . . . Low Security (%) 100 | 100 100 100 100 Level 1 . | . . . . Level 2 . | . . . . Level 3 . | . . . . Level 4 . | . . . . Level 5 . | . . . . High Security . | . . . . Max Security . | . . . . Squads Dispatched 1 | . . . 1 Investigation 1 | . . . 1 Extermination . | . . . . Reinforcement . | . . . . Assault . | . . . . Garrison . | . . . . Intercept . | . . . . Construction Impeded . | . . . . Haulers Reinforced . | . . . . Stealth | -11 -10 -10 -9 --------- Run | Scr Mat Min Mat Distress Signals 2 | . . . 2 Communications Jammed . | . . . . Distress Signals . | . . . . Times Spotted 30 | . 1 16 13 Peak Tracking Total 9 | . 1 9 6 Tactical Retreats 1 | . . 1 . Traps | -11 -10 -10 -9 ------- Run | Scr Mat Min Mat Traps Triggered 1 | . . . 1 Indirectly . | . . . . Trap Hack Attempts . | . . . . Triggered . | . . . . Disarmed . | . . . . Reprogrammed . | . . . . Reused . | . . . . Traps Extracted . | . . . . Installed . | . . . . Triggered . | . . . . Machines | -11 -10 -10 -9 ---------- Run | Scr Mat Min Mat Machines Disabled 1 | . . 1 . Max in Single Turn 1 | . . 1 . Machines Sabotaged . | . . . . Garrisons Compromised . | . . . . Overloaded Fab Kills . | . . . . Fab Network Shutdowns . | . . . . Hacking | -11 -10 -10 -9 --------- Run | Scr Mat Min Mat Machines Accessed 4 | . 1 1 2 Terminals 3 | . 1 1 1 Fabricators . | . . . . Repair Stations . | . . . . Recycling Units 1 | . . . 1 Scanalyzers . | . . . . Garrison Access . | . . . . Total Hacks 6 | . 1 3 2 Successful 4 | . 1 1 2 Failed 2 | . . 2 . Catastrophic . | . . . . Database Lockouts . | . . . . Manual . | . . . . Terminals 5 | . 1 3 1 Fabricators . | . . . . Repair Stations . | . . . . Recycling Units 1 | . . . 1 Scanalyzers . | . . . . Garrison Access . | . . . . Terminal Hacks 3 | . 1 1 1 Prototype ID Bank 1 | . 1 . . Investigation Status 1 | . . . 1 Zone Layout 1 | . . 1 . Fabricator Hacks . | . . . . Repair Station Hacks . | . . . . Recycling Unit Hacks 1 | . . . 1 Process 1 | . . . 1 Scanalyzer . | . . . . Garrison Access Hacks . | . . . . Unauthorized Hacks . | . . . . Terminals . | . . . . Fabricators . | . . . . Repair Stations . | . . . . Recycling Units . | . . . . Scanalyzers . | . . . . Garrison Access . | . . . . Data Cores Recovered . | . . . . Used . | . . . . Hacking Detections 2 | . . 1 1 Full Trace Events 1 | . . 1 . Feedback Events . | . . . . Feedback Blocked . | . . . . Robot Schematics Acquired . | . . . . Robots Built . | . . . . Matter . | . . . . Time . | . . . . Total Robot Build Rating . | . . . . Part Schematics Acquired . | . . . . Parts Built . | . . . . Matter . | . . . . Time . | . . . . Total Part Build Rating . | . . . . Parts Repaired . | . . . . Time . | . . . . Parts Recycled . | . . . . Recycled Matter 12 | . . . 12 Retrieved Matter . | . . . . Retrieved Components . | . . . . Parts Scanalyzed . | . . . . Part Schematics Acquired . | . . . . Parts Damaged . | . . . . Bothacking | -11 -10 -10 -9 ------------ Run | Scr Mat Min Mat Used RIF Installer . | . . . . Robots Hacked . | . . . . Non-combat . | . . . . Combat . | . . . . Robot Hacks Applied . | . . . . Relay Couplers Released . | . . . . Robots Rewired . | . . . . Allies Hacked . | . . . . Hacks Repelled . | . . . . Allies | -11 -10 -10 -9 -------- Run | Scr Mat Min Mat Total Allies . | . . . . Largest Group . | . . . . Highest-Rated Group . | . . . . Highest-Rated Ally . | . . . . Total Orders . | . . . . Ally Attacks . | . . . . Total Damage . | . . . . Kills . | . . . . Allies Corrupted . | . . . . Allies Melted . | . . . . Intel | -11 -10 -10 -9 ------- Run | Scr Mat Min Mat Robot Analysis Total . | . . . . Derelict Logs Recovered 1 | . . 1 . Drone Launches . | . . . . Drone Recoveries . | . . . . Exploration | -11 -10 -10 -9 ------------- Run | Scr Mat Min Mat Turns Passed 572 | 62 64 125 321 Spaces Moved 394 | 57 47 125 165 Core 70 | 9 . 32 29 Treads . | . . . . Legs 136 | . . . 136 Wheels 188 | 48 47 93 . Hover . | . . . . Flight . | . . . . Fastest Speed 50 | 50 80 50 100 Average Speed 98 | 77 80 72 130 Slowest Speed 250 | 100 80 80 250 Overloaded Moves . | . . . . Propulsion Burnouts . | . . . . Robots Hopped . | . . . . Cave-ins Triggered . | . . . . Exploration Rate (%) 18 | 4 13 33 22 Regions Visited 3 Branch Regions 1 Pre-discovered Areas 1 | . . 1 . Known Exits Taken . | . . . . Unknown Exits Taken 3 | 1 1 1 . Scrap Searched . | . . . . Spaces Dug . | . . . . Terrain Destroyed 41 | . . 24 17 Melee . | . . . . Projectile . | . . . . AOE 41 | . . 24 17 Terrain Rammed . | . . . . Walls Destroyed . | . . . . Machines Disabled . | . . . . Actions | -11 -10 -10 -9 --------- Run | Scr Mat Min Mat Total 526 | 74 73 143 236 Wait 43 | . 24 4 15 Move 391 | 56 46 124 165 Hop . | . . . . Pick Up 29 | 11 2 1 15 Fast Attach . | . . . . Attach 22 | 7 1 2 12 Detach 1 | . . 1 . Swap 4 | . . 2 2 Drop 1 | . . . 1 Fire 32 | . . 9 23 Melee . | . . . . Ram . | . . . . Kick 3 | . . . 3 Crush . | . . . . Escape Stasis . | . . . . Rewire . | . . . . Trap . | . . . . Miscellaneous . | . . . . Route ------- -11/Scrapyard -10/Materials -10/Mines -9/Materials (discovered 1 exit: [*Mat]) History --------- Turn | Location | Event 4 | -11/Scrapyard | Released all parts (1) 18 | -11/Scrapyard | Discovered new exit (range 16) 63 | -11/Scrapyard | Entered Materials 114 | -10/Materials | Discovered new exit (range 8) 127 | -10/Materials | Entered Mines 193 | -10/Mines | Assembled infested the area 237 | -10/Mines | Released all parts (4) 239 | -10/Mines | Core integrity fell below 50% 246 | -10/Mines | Learned location of Zion (-6) 247 | -10/Mines | Discovered new exit (range 8) 252 | -10/Mines | Entered Materials 252 | -9/Materials | Evolved 2 slots: Power x1, Utility x1 267 | -9/Materials | Lost 4 parts (1u3w) 348 | -9/Materials | Build established: Mutant 547 | -9/Materials | Core integrity fell below 50% 551 | -9/Materials | Discovered new exit (range 16) 564 | -9/Materials | Core integrity fell below 20% 573 | -9/Materials | Destroyed by Y-45 Defender with Heavy Assault Rifle Last Messages --------------- 00531_ Ion Engine destroyed. 00533_ U-05 Engineer lays Concrete. 00533_ Imp. Ion Engine destroyed. 00534_ U-05 Engineer builds a Wall. 00534_ U-05 Engineer lays Concrete. 00536_ Terminal disabled. 00537_ U-05 Engineer lays Concrete. 00538_ U-05 Engineer builds a Wall. 00544_ U-05 Engineer lays Concrete. 00544_ U-05 Engineer builds a Wall. 00545_ U-05 Engineer lays Concrete. 00551_ EXIT=FOUND 00554_ Acquired Propulsion Shielding. 00556_ Acquired Shotgun. 00559_ Acquired Propulsion Shielding. 00560_ Sml. Storage Unit destroyed. 00561_ Acquired Shotgun. 00561_ U-05 Engineer lays Concrete. 00567_ U-05 Engineer builds a Wall. 00567_ U-05 Engineer lays Concrete. Map ----- +----------------------------------------------------+ | ????????????????""" # #?????????????????? | | ????????????????????# T" ##?????????????????? | | ????????????????????# """ #??????????????????? | | ????????????????????######+####??????????????????? | | ????????????????####### # #????????????????????? | | ????????????????? # #????????????????????? | | ??????????????????""" # #????#???????????????? | | ?????????????????"""" # #??? #???????????????? | | ?????????????????"""" # #### #????#??????????? | | ?????????????????"""" #?? #??????????? | | ?????????????????"""" Y u^ # #??????????? | | ?????????????????"""" + ????????????? | | ?????????????????"""" # #???????????????? | | ???????????????? # g #???????????????? | | ???????????????########## #???????????????? | | ?????????? #???????????????? | | ?????????????????####### #???????????????? | | ???????????????????????# #???????????????? | | ???????????????????????# #???????????????? | | ???????????????????????# #???????????????? | | ???????????????????????# +???????????????? | | ???????????????????????+ #####???????????????? | | ???????????????????????# #???????????????????? | | ???????????????????????# #???????????????????? | | ???????????????????????# #???????????????????? | | ???????????????????????# @ #???????????????????? | | ???????????????????????# #???????????????????? | | ???????????????????????# < #???????????????????? | | ???????????????????????# #???????????????????? | | ???????????????????????#######???????????????????? | | ?????????????????????????????????????????????????? | | ?????????????????????????????????????????????????? | | ?????????????????????????????????????????????????? | | ?????????????????????????????????????????????????? | | | | | | | | | | | | | | | | | | | | | | | | | | | | | | | | | +----------------------------------------------------+ Best States ------------- Heat Dissipation 28 Energy Generation 17 Energy Capacity 415 Matter Stores 252 Matter Capacity 400 Sight Range 16 Terrain Scan Density 10 Armor Coverage 225 Evasion (%) 50 Item Schematics ----------------- None Robot Schematics ------------------ None Fabricated ------------ Nothing Alien Tech Used ----------------- None Achievements -------------- None Challenges ------------ None Game ------ Seed SigixExperimentalInterrupter Manual? 0 Play Time 00:11:35 Cumulative 7.8 hours Start 2022.01.06 @ 22:49:57 End 2022.01.06 @ 23:05:38 Sessions 1 Manual Loads 0 Difficulty Rogue Special Mode None Game No. 20 Rogue 20 Adventurer 0 Explorer 0 Win Type - Total 0 Types 0/0/0/0/0/0/0/0/0 Lore% 15 Gallery% 18 Achievement% 14 Wizard Run 0 Options --------- ASCII 0 Keyboard 0 Movement Numpad Keybinds 0 Fullscreen 1 Font 18/SmallcapsGlow Map View 76x50 Tactical HUD 1 Map Filters NONE Filters NONE Steam 1 RUN: 03fb3b4e-28db-4478-b933-327163aca325